 Dungeon Crawl Stone Soup version 0.32-a0-20-ge526923d97 (webtiles) character file.

Game seed: 319901955358121430

9 PriceMaster the Shield-Bearer (level 2, -2/27 HPs)
             Began as a Minotaur Fighter on Jan 18, 2024.
             Engulfed by a cloud of flame (14 damage)
             ... on level 1 of the Dungeon.
             The game lasted 00:00:39 (398 turns).

PriceMaster the Shield-Bearer (Minotaur Fighter)     Turns: 398, Time: 00:00:39

Health: -2/27      AC:  7    Str: 20    XL:     2   Next: 3%
Magic:  1/1        EV:  9    Int:  5    God:
Gold:   58         SH:  4    Dex:  9    Spells: 1/1 levels left

rFire   . . .        a - +0 trident
rCold   . . .        c - +0 buckler
rNeg    . . .        b - +0 scale mail
rPois   .            (helmet restricted)
rElec   .            (no cloak)
rCorr   .            (no gloves)
SInv    .            (no boots)
Will    .....        (no amulet) Stlth
                     (no ring)
HPRegen 0.24/turn    (no ring)
MPRegen 0.07/turn

%: no passive effects
@: no status effects
A: horns 2, retaliatory headbutt
a: no special abilities


You were on level 1 of the Dungeon.
You visited 1 branch of the dungeon, and saw 1 of its levels.

You collected 58 gold pieces.

Inventory:

Hand Weapons
 a - a +0 trident (weapon)
Armour
 b - a +0 scale mail (worn)
 c - a +0 buckler (worn)
Scrolls
 e - a scroll of amnesia {unknown}
 f - a scroll of immolation {unknown}
 g - a scroll of fog {unknown}
Potions
 d - a potion of might


   Skills:
 + Level 3.8 Fighting
 + Level 2.4 Polearms
 + Level 3.9 Armour
 + Level 3.9 Shields


You had one spell level left.
You didn't know any spells.
Your spell library was empty.

Dungeon Overview and Level Annotations

Branches:
Dungeon (1/15)

Altars:


Innate Abilities, Weirdness & Mutations

You have a pair of horns on your head.
You reflexively headbutt those who attack you in melee.


Message History

Found a dagger and 6 gold pieces.
You hit the endoplasm.
The endoplasm is almost dead.
The endoplasm freezes you.
You are frozen.
You hit the endoplasm.
You kill the endoplasm!
You have reached level 2!
You now have 38 gold pieces (gained 6).
You now have 52 gold pieces (gained 14).
g - a scroll labelled QATZIU CUODDY You now have 58 gold pieces (gained 6).
No target in view!
No target in view!
No target in view!
No target in view!
No target in view!
No target in view!
No target in view!
A hobgoblin comes into view.
Found 9 gold pieces.
The hobgoblin is engulfed in blazing flames.
The hobgoblin dies!
h - a fuming emerald potion
There are no items here.
You start waiting.
Done waiting.
You are engulfed in blazing flames.
A bat comes into view.
You are engulfed in blazing flames.
Ouch! That really hurt!
* * * LOW HITPOINT WARNING * * *
You see here a hobgoblin corpse.
Okay, then.
It was a potion of heal wounds.
You feel much better.
You are engulfed in blazing flames.
Ouch! That really hurt!
You are engulfed in blazing flames.
Ouch! That really hurt!
You die...

#.# #§.☼# #.......... #.#
#.°.# #.##.###### #.#
#§§§# #.##.# ####
#.#####...#####....###...
#..§§☼..$..☼........##...
#...°§.....☼°§..###.##..#
##.§.§.$.$..§...##.#.#..#
#####.b.#####.#.###....
#☼@§# #.##.#.#..# #☼°§#
#.###.##... #○§§#
#..######## #...######.#
##...##.##.# ####.#.#.##
##...## ##.## #.#


You could see a bat.

Vanquished Creatures
  A ball python (D:1)
  2 bats (D:1)
  2 endoplasms (D:1)
  2 goblins (D:1)
  A frilled lizard (D:1)
8 creatures vanquished.

Vanquished Creatures (others)
  A hobgoblin (D:1)
  A kobold (D:1)
2 creatures vanquished.

Grand Total: 10 creatures vanquished

Notes
Turn   | Place    | Note
-------+----------+-------------------------------------------
     0 | D:1      | PriceMaster the Minotaur Fighter began the quest for the
                  | Orb.
     0 | D:1      | Reached XP level 1. HP: 19/19 MP: 0/0
   188 | D:1      | Reached XP level 2. HP: 24/27 MP: 1/1
   398 | D:1      | Engulfed by a cloud of flame

Illustrated notes

Levels and vault maps discovered:
D:1:      dpeg_arrival_simpleton_c, layout_loops_cross, lemuel_flame_loot_1

Action                     || total
---------------------------++-------
  Melee: Trident           ||    18
         Headbutt          ||     1
    Use: Potion            ||     1
 Armour: Scale mail        ||    13

Table legend: (Time is in decaauts)
 A = Elapsed time spent in this place.
 B = Non-inter-level travel time spent in this place.
 C = Inter-level travel time spent in this place.
 D = Time resting spent in this place.
 E = Time spent auto-exploring this place.
 F = Levels seen in this place.
 G = Mean time per level.
                   A        B        C        D        E       F      G
               +--------+--------+--------+--------+--------+-----+--------+
         Total |    401 |    401 |      0 |    100 |    249 |   1 |  401.0 |
       Dungeon |    401 |    401 |      0 |    100 |    249 |   1 |  401.0 |
               +--------+--------+--------+--------+--------+-----+--------+

Top non-repeatable levels by time:
     D:1: 401 daAuts
